 Dungeon Crawl Stone Soup version 0.27.1-33-g824d729ab1 (webtiles) character file.

Game seed: 3338548775537517705

137 wolfnether the Skirmisher (level 5, -2/33 HPs)
             Began as a Gargoyle Berserker on Dec 10, 2021.
             Was a Believer of Trog.
             Slain by a two-headed ogre (12 damage)
             ... on level 4 of the Dungeon.
             The game lasted 00:09:20 (2857 turns).

wolfnether the Skirmisher (Gargoyle Berserker)      Turns: 2857, Time: 00:09:22

Health: -2/33      AC:  6    Str: 28    XL:     5   Next: 20%
Magic:  5/5        EV: 12    Int:  7    God:    Trog [**....]
Gold:   119        SH:  0    Dex:  9    Spells: 4/4 levels left

rFire    . . .     SeeInvis .   a - +0 hand axe
rCold    . . .     Faith    .   (no shield)
rNeg     + . .     Spirit   .   b - +0 animal skin
rPois    ∞         Reflect  .   (no helmet)
rElec    +         Harm     .   (no cloak)
rCorr    .         Rampage  .   (no gloves)
Will     +....                  (no boots)
Stlth    ++........             h - amulet of regeneration
HPRegen  1.11/turn              f - +6 ring of strength
MPRegen  0.09/turn              k - ring of willpower

@: no status effects
A: sickness immunity, AC +4, negative energy resistance 1, electricity
resistance, torment resistance 1, petrification resistance
a: Renounce Religion, Berserk, Trog's Hand


You were on level 4 of the Dungeon.
You worshipped Trog.
Trog was pleased with you.
You visited 1 branch of the dungeon, and saw 4 of its levels.

You collected 119 gold pieces.

Inventory:

Hand Weapons
 a - a +0 hand axe (weapon)
Armour
 b - a +0 animal skin (worn)
Jewellery
 f - a +6 ring of strength (left hand)
 h - an amulet of regeneration (around neck)
 k - a ring of willpower (right hand)
Scrolls
 g - a scroll of holy word {unknown}
 i - a scroll of identify {unknown}
 l - a scroll of fear {unknown}
 m - a scroll of teleportation {unknown}
Potions
 c - 2 potions of resistance {unknown}
 d - 3 potions of curing {unknown}
 e - 2 potions of lignification {unknown}
 j - 2 potions of haste {unknown}


   Skills:
 + Level 4.0 Fighting
 + Level 4.0 Axes
 + Level 2.3 Armour
 + Level 2.3 Dodging
 + Level 1.9 Stealth


You had 4 spell levels left.
You didn't know any spells.
Your spell library was empty.

Dungeon Overview and Level Annotations

Branches:
Dungeon (4/15)
 Temple: D:4-7

Altars:
Okawaru


Innate Abilities, Weirdness & Mutations

You are immune to sickness and miasma.
Your stone body is resilient. (AC +4)
You are immune to poison.
You resist negative energy. (rN+)
You are resistant to electric shocks. (rElec)
You are resistant to unholy torment.
You are immune to petrification.


Message History

The hound is almost dead.
You hit the jackal. The hound bites you but does no damage.
The jackal barely misses you. The hound bites you.
You closely miss the hound.
The hound is almost dead.
You barely miss the jackal.
The jackal bites you but does no damage.
The hound misses you. The jackal misses you.
You miss the hound.
The hound is almost dead.
You hit the jackal.
You kill the jackal!
Trog accepts your kill. The hound completely misses you.
The hound closely misses you.
You barely miss the hound.
The hound is almost dead.
The hound misses you. The hound barely misses you.
The water moccasin skeleton barely misses you.
You hit the hound but do no damage.
The hound is almost dead.
You barely miss the water moccasin skeleton.
You hit the two-headed ogre. The hound bites you but does no damage.
The two-headed ogre hits you with a +0 giant spiked club.
The two-headed ogre hits you with a +0 giant spiked club!!
Ouch! That really hurt!
* * * LOW HITPOINT WARNING * * *
The water moccasin skeleton closely misses you.
The hound bites you but does no damage.
You see here a +0 mace.
The hound bites you.
* * * LOW HITPOINT WARNING * * *
You see here 16 gold pieces.
The water moccasin skeleton misses you. The hound closely misses you.
You hit the hound.
You kill the hound!
Trog accepts your kill.
You hit the water moccasin skeleton but do no damage.
You hit the two-headed ogre but do no damage.
The two-headed ogre hits you with a +0 giant spiked club!
You die...

....... ..................
....... ...................
........ ...................
........ #..............#
.......###.............###.
........##.# #.....))....!..
........#..###..........##..
........)...##..ZO......#
.........#......@...##..#
.........##...............
........##..........#......
..................###..[...
.....#..........### ...##
...###..........# ...
...###..............
....##..............
...####......##......


You could see a two-headed ogre and a water moccasin skeleton.

Vanquished Creatures
  2 hounds (D:4)
  2 hound skeletons (D:4)
  An adder (D:2)
  2 worms
  3 dart slugs
  2 orcs (D:4)
  4 endoplasms
  6 goblins
  3 hobgoblins
  8 jackals
  A quokka (D:1)
  7 ball pythons
  3 bats
  2 frilled lizards
  5 kobolds
  8 rats
59 creatures vanquished.

Notes
Turn   | Place    | Note
-------+----------+-------------------------------------------
     0 | D:1      | wolfnether the Gargoyle Berserker began the quest for the
                  | Orb.
     0 | D:1      | Reached XP level 1. HP: 14/14 MP: 1/1
    88 | D:1      | Reached XP level 2. HP: 9/19 MP: 2/2
   607 | D:1      | Found a faded altar of an unknown god.
   620 | D:1      | Reached XP level 3. HP: 16/24 MP: 3/3
   626 | D:1      | Reached ** piety under Trog
  1214 | D:2      | Found an iron altar of Okawaru.
  1407 | D:2      | Reached skill level 1 in Stealth
  2166 | D:3      | Reached XP level 4. HP: 25/29 MP: 4/4
  2767 | D:4      | Reached XP level 5. HP: 33/33 MP: 5/5
  2846 | D:4      | Noticed a two-headed ogre
  2857 | D:4      | Slain by a two-headed ogre

Illustrated notes

Levels and vault maps discovered:
D:1:      dpeg_arrival_court, layout_loops_cross,
          shapermc_ecumenical_altar_starsandcircs, minmay_tripent
D:2:      layout_basic, serial_curves, eino_curves_03, eino_curves_03,
          basic_altar
D:3:      layout_basic
D:4:      layout_cave_pools

Skill      XL: |  1  2  3  4  5 |
---------------+----------------+-----
Axes           | 3 4 |  4.0
Stealth        | 1 |  1.9
Dodging        | 2 |  2.3
Fighting       | 4 |  4.0
Armour         | |  2.3

Action                   |  1- 3 |  4- 6 || total
-------------------------+-------+-------++-------
Melee: Hand axe          |   122 |    78 ||   200
 Stab: Sleeping          |     3 |       ||     3
Armor: Animal skin       |    24 |    30 ||    54
Dodge: Dodged            |    86 |    82 ||   168
